 Dungeon Crawl Stone Soup version 0.30-a0-118-ga018f8e90f (webtiles) character file.

Game seed: 1210272104729435199

17 Catman933 the Slasher (level 2, 0/25 HPs)
             Began as a Palentonga Chaos Knight on Sept 14, 2022.
             Was a Plaything of Xom.
             Slain by a kobold
             ... wielding a +3 whip
              (8 damage)
             ... on level 1 of the Dungeon.
             The game lasted 00:02:44 (534 turns).

Catman933 the Slasher (Palentonga Chaos Knight)      Turns: 534, Time: 00:02:44

Health: 0/25       AC:  6    Str: 17    XL:     2   Next: 44%
Magic:  2/2        EV:  7    Int: 12    God:    Xom [...*..]
Gold:   31         SH:  6    Dex:  9    Spells: 1/1 levels left

rFire   . . .      SeeInvis +    a - +0 falchion (chaos)
rCold   . . .      Faith    +    i - +0 kite shield
rNeg    . . .      Spirit   .    b - +2 leather armour
rPois   .          Reflect  .    (no helmet)
rElec   .          Harm     .    (no cloak)
rCorr   .          Rampage  .    (no gloves)
Will    .....                    (no barding)
Stlth   +.........               f - amulet of faith
HPRegen 0.08/turn                (no ring)
MPRegen 0.08/turn                (no ring)

@: no status effects
A: large, rugged brown scales 3, see invisible, deformed body, roll 1, armoured
tail
a: Rolling Charge, Renounce Religion


You were on level 1 of the Dungeon.
You worshipped Xom.
You were a favourite toy of Xom.
You visited 1 branch of the dungeon, and saw 1 of its levels.

You collected 31 gold pieces.

Inventory:

Hand Weapons
 a - a +0 falchion of chaos (weapon)
Armour
 b - a +2 leather armour (worn)
 i - a +0 kite shield (worn)
Jewellery
 f - an amulet of faith (around neck)
Scrolls
 d - a scroll of fear {unknown}
 g - a scroll of identify {unknown}
 j - a scroll of immolation {unknown}
 k - a scroll of teleportation {unknown}
 m - a scroll of magic mapping {unknown}
Potions
 e - a potion of haste {unknown}
 h - a potion of curing {unknown}
 l - a potion of brilliance {unknown}
Miscellaneous
 c - a piece from Xom's chessboard (15/15) (quivered)


   Skills:
 + Level 3.1 Fighting
 * Level 3.4 Long Blades
 + Level 1.8 Armour
 + Level 0.9 Dodging
 * Level 0.1 Shields


You had one spell level left.
You didn't know any spells.
Your spell library was empty.

Dungeon Overview and Level Annotations

Branches:
Dungeon (1/15)

Altars:


Innate Abilities, Weirdness & Mutations

You are completely covered in rugged brown scales. (AC +3, +7% HP)
You have supernaturally acute eyesight. (SInv)
Armour fits poorly on your strangely shaped body.
You can roll at nearby foes to attack.
You have a long armoured tail.


Message History

The giant cockroach bites you but does no damage.
You hit the giant cockroach.
You kill the giant cockroach!
No target in view!
l - a pink potion A ball python comes into view.
Xom calls forth mighty explosions.
The fireball engulfs the ball python!
The ball python dies!
No target in view!
A kobold comes into view. It is wielding a +3 whip.
A kobold is nearby!
You hit the kobold.
The kobold seems to grow stronger.
Xom thinks this is hilarious!
The kobold is moderately wounded.
The kobold barely misses you. You block the kobold's attack.
You closely miss the kobold.
The kobold is moderately wounded.
You block the kobold's attack.
You completely miss the kobold.
The kobold is moderately wounded.
The kobold hits you but does no damage.
You barely miss the kobold.
The kobold is moderately wounded.
The kobold hits you with a +3 whip. The kobold barely misses you.
You closely miss the kobold.
The kobold is moderately wounded.
The kobold hits you with a +3 whip.
You closely miss the kobold.
The kobold is moderately wounded.
The kobold hits you with a +3 whip.
You closely miss the kobold.
Your tail-slap misses the kobold.
The kobold is moderately wounded.
The kobold hits you with a +3 whip.
You are too injured to fight recklessly!
You completely miss the kobold.
The kobold is moderately wounded.
You block the kobold's attack. The kobold hits you with a +3 whip!
You die... "It's all fun and games until someone loses an eye."

.###########.## ###
......#####...################.##
......##......................#.#
......##.##...#.#.############.##
.........###.##.#.## #.#
...................# ##.#
.......####........# #..#
....>>.####........###### #.##
.............)..@.......# #.#
##.#.#.####.....K..####.# #.#
#.#.#.####.............# #.#
##..................###.# #.#
...#######....##.#..###.## #.#
)#.# #....#.###.##...####.# .#.#
#.....## ##..........# ...#
#....#.###.##...####.# ...#
#.......#......#####.#


You could see a kobold (strong).

Vanquished Creatures
  2 giant cockroaches (D:1)
  2 hobgoblins (D:1)
  A quokka (D:1)
  2 ball pythons (D:1)
  3 bats (D:1)
  2 frilled lizards (D:1)
  A goblin (D:1)
  2 kobolds (D:1)
  2 rats (D:1)
17 creatures vanquished.

Vanquished Creatures (others)
  A ball python (D:1)
1 creature vanquished.

Grand Total: 18 creatures vanquished

Notes
Turn   | Place    | Note
-------+----------+-------------------------------------------
     0 | D:1      | Catman933 the Palentonga Chaos Knight began the quest for
                  | the Orb.
     0 | D:1      | Reached XP level 1. HP: 19/19 MP: 1/1
   193 | D:1      | Reached XP level 2. HP: 25/25 MP: 2/2
   234 | D:1      | XOM: cloud trail
   295 | D:1      | XOM: god gift: scroll labelled MOMULENEHU {god gift}
   357 | D:1      | XOM: noise
   360 | D:1      | XOM: enchant monster (good)
   483 | D:1      | XOM: destruction
   534 | D:1      | Slain by a kobold

Illustrated notes

Levels and vault maps discovered:
D:1:      wander_arrival_desolate, layout_loops_ring,
          shapermc_ecumenical_altar_ellora, amcnicky_mini_rare_corridor_liquid

Action                   || total
-------------------------++-------
Melee: Falchion          ||    43
       Tailslap          ||     2
Evoke: Piece from Xom's  ||     1
 Stab: Paralysed         ||     1
Armor: Leather armour    ||    13
Dodge: Dodged            ||    16
Block: Kite shield       ||     9

Table legend: (Time is in decaauts)
 A = Elapsed time spent in this place.
 B = Non-inter-level travel time spent in this place.
 C = Inter-level travel time spent in this place.
 D = Time resting spent in this place.
 E = Time spent auto-exploring this place.
 F = Levels seen in this place.
 G = Mean time per level.
                   A        B        C        D        E       F      G
               +--------+--------+--------+--------+--------+-----+--------+
         Total |    543 |    543 |      0 |      0 |    390 |   1 |  543.0 |
       Dungeon |    543 |    543 |      0 |      0 |    390 |   1 |  543.0 |
               +--------+--------+--------+--------+--------+-----+--------+

Top non-repeatable levels by time:
     D:1: 543 daAuts
